 Dungeon Crawl Stone Soup version 0.29-a0-555-g3b24f45cc1 (webtiles) character file.

Game seed: 3715014868924379325

88244 ders the Devastator (level 15, -19/72 HPs)
             Began as a Gargoyle Earth Elementalist on June 7, 2022.
             Was a High Priest of Vehumet.
             Killed from afar by Roxanne (67 damage)
             ... with an iron shot
             ... on level 1 of the Swamp.
             The game lasted 00:45:51 (31160 turns).

ders the Devastator (Gargoyle Earth Elementalist)  Turns: 31160, Time: 00:45:52

Health: -19/72     AC: 22    Str: 16    XL:     15   Next: 93%
Magic:  38/51      EV: 12    Int: 38    God:    Vehumet [*****.]
Gold:   1229       SH:  5    Dex: 10    Spells: 5/40 levels left

rFire   + . .      SeeInvis .   y - +5 scythe of Resourcefulness {drain, +Blink Str-3 Int+4 Stlth+}
rCold   + . .      Faith    .   (shield currently unavailable)
rNeg    + . .      Spirit   .   P - +0 robe "Pazia" {rElec Str+7 Slay-5 Archmagi}
rPois   ∞          Reflect  +   q - +3 hat of Pondering {ponderous, Will+ MP+10 Int+5}
rElec   +          Harm     .   M - scarf {rC+ rF+}
rCorr   .          Rampage  .   z - +2 pair of gloves
Will    ++...      Archmagi +   Z - +2 pair of boots
Stlth   +++.......              c - amulet "Ryocw" {Reflect rElec rPois SH+5}
HPRegen 0.22/turn               S - ring of magical power
MPRegen 0.32/turn               V - +6 ring of intelligence

@: flying, slow
A: sickness immunity, AC +11, big wings, negative energy resistance 1,
electricity resistance, torment resistance 1, petrification resistance
a: Renounce Religion, Evoke Blink


You were on level 1 of the Swamp.
You worshipped Vehumet.
Vehumet was extremely pleased with you.
You visited 5 branches of the dungeon, and saw 23 of its levels.

You collected 2293 gold pieces.
You spent 1064 gold pieces at shops.

Inventory:

Hand Weapons
 y - the +5 scythe of Resourcefulness (weapon) {drain, +Blink Str-3 Int+4 Stlth+}
   (You found it on level 5 of the Dungeon)

   A truly terrible weapon, it drains the life of any living foe it strikes.
   Str:       It affects your strength (-3).
   Int:       It affects your intelligence (+4).
   +Blink:    It lets you blink.
   Stlth:     It makes you more stealthy.
Missiles
 k - 527 stones
Armour
 q - the +3 hat of Pondering (worn) {ponderous, Will+ MP+10 Int+5}
   (You took it off Gastronok on level 12 of the Dungeon)

   Int:       It affects your intelligence (+5).
   MP:        It affects your magic capacity (+10).
   Will:      It increases your willpower.
 z - a +2 pair of gloves (worn)
 G - a +2 cloak
 M - a scarf of resistance (worn)
 P - the +0 robe "Pazia" (worn) {rElec Str+7 Slay-5 Archmagi}
   (You found it on level 10 of the Dungeon)

   Str:       It affects your strength (+7).
   Slay:      It affects your accuracy & damage with ranged weapons and melee
   (-5).
   rElec:     It insulates you from electricity.
   Archmagi:  It increases the power of your magical spells.
 U - a +2 kite shield
 Z - a +2 pair of boots (worn)
Jewellery
 b - a ring of ice
 c - the amulet "Ryocw" (around neck) {Reflect rElec rPois SH+5}
   (You bought it in a shop on level 2 of the Orcish Mines)

   [amulet of reflection]

   It reflects blocked missile attacks.
   rElec:     It insulates you from electricity.
   rPois:     It protects you from poison.
   SH:        It affects your SH (+5).
 d - a ring of the Octopus King {rN+ AC+1 EV+1 Str+1 Int+1 Dex+1}
   (You found it on level 6 of the Lair of Beasts)

   [ring of positive energy]

   AC:        It affects your AC (+1).
   EV:        It affects your evasion (+1).
   Str:       It affects your strength (+1).
   Int:       It affects your intelligence (+1).
   Dex:       It affects your dexterity (+1).
   rN:        It protects you from negative energy.
 D - a ring of willpower
 Q - an amulet of regeneration
 S - a ring of magical power (left hand)
 V - a +6 ring of intelligence (right hand)
Wands
 h - a wand of digging (20)
 w - a wand of acid (12)
 A - a wand of paralysis (26)
 C - a wand of iceblast (20)
 E - a wand of polymorph (19)
 O - a wand of charming (6)
 W - a wand of mindburst (2)
Scrolls
 f - a scroll of identify
 g - 2 scrolls of magic mapping
 i - 4 scrolls of teleportation
 j - 5 scrolls of fear
 l - 3 scrolls of torment
 m - 5 scrolls of poison
 r - 2 scrolls of amnesia
 t - 4 scrolls of immolation
 B - 5 scrolls of fog
 H - 5 scrolls of vulnerability
 J - 2 scrolls of silence
Potions
 a - 2 potions of resistance {unknown}
 e - 3 potions of cancellation {unknown}
 n - 2 potions of ambrosia {unknown}
 o - 5 potions of might
 p - 9 potions of curing
 s - 2 potions of heal wounds
 u - 3 potions of mutation
 I - 3 potions of degeneration {unknown}
 L - 4 potions of attraction
 R - 3 potions of haste {unknown}
 T - 2 potions of lignification {unknown}
 Y - 3 potions of berserk rage
Miscellaneous
 x - a phantom mirror


   Skills:
 - Level 2.4 Staves
 - Level 2.1 Throwing
 - Level 2.6 Dodging
 - Level 2.1 Stealth
 + Level 13.3 Spellcasting
 * Level 18.7 Conjurations
 - Level 6.8 Transmutations
 * Level 17.0 Earth Magic


You had 5 spell levels left.
You knew the following spells:

 Your Spells              Type           Power      Damage    Failure   Level
a - Iskenderun's Battles  Conj           100%       2d15      0%          5
b - Stone Arrow           Conj/Erth      100%       3d13      0%          3
c - Passwall              Tmut/Erth      90%        N/A       0%          2
d - Fulminant Prism       Conj/Hex       49%        3d21      1%          4
e - Iskenderun's Mystic   Conj/Tloc      98%        2d19      1%          4
f - Sandblast             Erth           100%       2d20      0%          1
g - Iron Shot             Conj/Erth      63%        9d12      1%          6
h - Blink                 Tloc           76%        N/A       2%          2
i - Borgnjor's Vile Clut  Necr/Erth      47%        N/A       1%          5
j - Swiftness             Air            38%        N/A       4%          3

Your spell library contained the following spells:

 Spells                   Type           Power      Damage    Failure   Level
 Shock                    Conj/Air       100%       1d9       1%          1
 Wereblood                Tmut           86%        N/A       1%          2
 Hailstorm                Conj/Ice       98%        3d19      1%          4
 Leda's Liquefaction      Hex/Erth       47%        N/A       1%          4
 Petrify                  Tmut/Erth      100%       N/A       1%          4
 Irradiate                Conj/Tmut      55%        3d31      1%          5
 Ice Form                 Ice/Tmut       67%        N/A       3%          4
 Call Canine Familiar     Summ           38%        N/A       4%          3
 Lesser Beckoning         Tloc           38%        N/A       4%          3
 Portal Projectile        Hex/Tloc       76%        N/A       4%          3
 Airstrike                Air            19%        N/A       4%          4
 Animate Dead             Necr           38%        N/A       14%         4
 Manifold Assault         Tloc           38%        N/A       36%         5
 Conjure Ball Lightning   Conj/Air       49%        3x3d17    1%          6
 Death Channel            Necr           19%        N/A       91%         6
 Simulacrum               Ice/Necr       19%        N/A       91%         6
 Storm Form               Tmut/Air       33%        N/A       96%         7
 Summon Hydra             Summ           19%        N/A       100%        7
 Discord                  Hex            19%        N/A       100%        8
 Disjunction              Tloc           19%        N/A       100%        8
 Sublimation of Blood     Necr           Unusable   N/A       N/A         2

Dungeon Overview and Level Annotations

Branches:
Dungeon (13/15)            Temple (1/1) D:6            Lair (6/6) D:8
  Swamp (1/4) Lair:2       Spider (0/4) Lair:3        Slime (0/5) Lair:5
    Orc (2/2) D:11            Elf (0/3) Orc:2        Vaults (0/5) D:13

Altars:
Ashenzari
Cheibriados
Dithmenos
Elyvilon
Fedhas
Gozag
Hepliaklqana
Kikubaaqudgha
Makhleb
Nemelex Xobeh
Okawaru
Qazlal
Ru
Sif Muna
Trog
Uskayaw
Vehumet
Wu Jian
Xom
Yredelemnul
Zin
The Shining One
Beogh

Shops:
D:5 =   Orc:2 =((*

Annotations:
Lair:4 3 runed translucent doors, DocClef's ghost, journeyman GnDe; croobank's ghost, journeyman GnDe
Swamp:1 Roxanne


Innate Abilities, Weirdness & Mutations

You are immune to sickness and miasma.
Your stone body is resilient. (AC +11)
You are immune to poison.
Your large and strong wings let you fly.
You resist negative energy. (rN+)
You are resistant to electric shocks. (rElec)
You are resistant to unholy torment.
You are immune to petrification.


Message History

You feel your power returning.
You kill the hornet!
Vehumet accepts your kill.
You feel your power returning.
You hear a splash. x3
Unknown command.
You start resting.
Magic restored.
Really fly into a travel-excluded area?
Roxanne mumbles some strange words.
You blink.
Roxanne mumbles some strange words.
You blink.
Casting: Stone Arrow (safe; 0% risk of failure)
Confirm with . or Enter, or press ? or * to list all spells.
You feel a surge of power!
You erupt in a blast of force!
The mystic blast hits Roxanne but does no damage.
Roxanne mumbles some strange words.
You blink.
Casting: Iskenderun's Mystic Blast (safe; 1% risk of failure)
Confirm with . or Enter, or press ? or * to list all spells.
You feel a surge of power!
You erupt in a blast of force!
The mystic blast hits Roxanne!
Roxanne is lightly damaged.
Casting: Iskenderun's Mystic Blast (safe; 1% risk of failure)
Confirm with . or Enter, or press ? or * to list all spells.
You feel a surge of power!
You erupt in a blast of force!
The mystic blast hits Roxanne!
Roxanne is lightly damaged.
Roxanne casts a spell.
The crystal spear hits you.
Casting: Iskenderun's Mystic Blast (safe; 1% risk of failure)
Confirm with . or Enter, or press ? or * to list all spells.
You feel a surge of power!
You erupt in a blast of force!
The mystic blast hits Roxanne!
Roxanne is lightly damaged.
Roxanne casts a spell.
The iron shot hits you!!!
Ouch! That really hurt!
You die...

♣♣≈.....♣≈≈♣≈
♣≈.≈≈≈.≈≈♣...
♣.≈≈≈.≈≈≈≈..
.≈.≈♣..§≈♣
♣≈§≈.≈≈.♣
♣♣......≈♣
♣♣...≈≈...♣♣
♣$≈.@....§.♣♣
♣♣..8.≈§≈≈.≈♣
♣.....≈≈≈≈≈♣...
♣..≈≈≈≈§≈≈.♣ ≈
♣≈≈≈≈≈....♣♣♣
♣.≈≈≈......≈♣
♣♣♣..≈....<♣...≈≈§
♣§........♣♣ ♣.≈≈≈
≈...≈≈.....♣ ...


You could see Roxanne.

Vanquished Creatures
  Gastronok (D:12)
  Kirke (D:13)
  An eleionoma (Swamp:1)
  Nessos (D:13)
  A bunyip (Swamp:1)
  Snorg (D:13)
  Josephine (D:10)
  An ogre mage (D:10)
  9 hydras
  Fannar (Orc:1)
  2 catoblepae
  3 boulder beetles
  5 two-headed ogres
  4 vault guards (D:13)
  5 centaur warriors
  An alligator (Swamp:1)
  A tengu warrior (D:13)
  A death yak (Lair:6)
  3 orc high priests (Orc:2)
  Urug (D:10)
  A deep elf knight (D:10)
  Amaemon (D:9)
  A spriggan (Swamp:1)
  A sea snake (Lair:6)
  3 bog bodies
  2 harpies (Lair:6)
  3 ugly things
  3 deep elf pyromancers
  4 orc knights (Orc:2)
  3 slime creatures (D:13)
  3 cyclopes
  5 orc sorcerers
  2 manticores
  8 elephants
  9 black mambas
  An orange demon (D:9)
  Maggie (Lair:1)
  Psyche (D:9)
  15 cane toads
  3 unseen horrors
  A kobold demonologist (D:11)
  An efreet (D:10)
  7 rime drakes
  21 komodo dragons
  A tengu conjurer (D:10)
  7 trolls
  3 hornets
  3 polar bears
  A wind drake (Lair:6)
  A bloated husk (Swamp:1)
  2 tyrant leeches (Swamp:1)
  2 snapping turtles (Lair:6)
  10 blink frogs (Lair:3)
  6 wraiths
  3 shadows
  3 wyverns
  5 basilisks
  36 yaks
  3 steam dragons
  5 hogs (D:13)
  Eustachio (D:6)
  5 vampire mosquitoes
  A redback (Lair:3)
  6 acid dragons
  14 water moccasins
  Duvessa (D:4)
  2 wargs (Orc:2)
  An ice beast (D:6)
  4 black bears
  18 orc warriors
  36 wolves
  12 centaurs
  3 ogres (Orc:1)
  6 kobold brigands
  Blork the orc (D:6)
  2 gnoll sergeants
  9 bullfrogs
  2 necrophages (D:6)
  3 scorpions (D:5)
  Dowan (D:4)
  16 killer bees
  3 howler monkeys
  An electric eel (Lair:3)
  12 orc priests
  2 jellies
  2 gnoll shamans
  4 hounds (D:5)
  7 iguanas
  Ijyb (D:5)
  13 orc wizards
  Natasha (thrice) (D:3)
  6 hell rats (Lair:5)
  13 gnolls
  10 adders
  A river rat (D:9)
  A shadow imp (D:5)
  3 dart slugs
  48 orcs
  7 ball pythons
  8 endoplasms
  5 giant cockroaches
  9 goblins
  9 hobgoblins
  11 jackals
  2 quokkas (D:1)
  4 bats
  7 frilled lizards
  14 kobolds
  3 rats
588 creatures vanquished.

Vanquished Creatures (collateral kills)
  A merfolk avatar (Lair:6)
1 creature vanquished.

Vanquished Creatures (others)
  A tyrant leech (Swamp:1)
  A human (D:13)
  An orc wizard (Orc:2)
  An orc (Orc:2)
  25 fulminant prisms
  32 fungi
  72 plants
  6 withered plants (Lair:4)
139 creatures vanquished.

Grand Total: 728 creatures vanquished

Notes
Turn   | Place    | Note
-------+----------+-------------------------------------------
     0 | D:1      | ders the Gargoyle Earth Elementalist began the quest for
                  | the Orb.
     0 | D:1      | Reached XP level 1. HP: 10/10 MP: 3/3
   243 | D:1      | Reached XP level 2. HP: 15/15 MP: 3/5
   368 | D:1      | Reached skill level 1 in Conjurations
   620 | D:1      | Reached XP level 3. HP: 19/19 MP: 4/6
  1104 | D:1      | Learned a level 3 spell: Stone Arrow
  1850 | D:2      | Found a faded altar of an unknown god.
  2035 | D:2      | Reached skill level 2 in Conjurations
  2083 | D:2      | Reached XP level 4. HP: 24/24 MP: 1/8
  2648 | D:3      | Learned a level 2 spell: Passwall
  3278 | D:3      | Noticed Natasha
  3282 | D:3      | Killed Natasha
  3283 | D:3      | Reached XP level 5. HP: 28/28 MP: 4/9
  3440 | D:3      | Reached skill level 5 in Earth Magic
  3527 | D:3      | Noticed Natasha
  3529 | D:3      | Killed Natasha
  3750 | D:3      | Noticed Natasha
  3785 | D:3      | Killed Natasha
  3786 | D:3      | Reached skill level 3 in Conjurations
  4944 | D:4      | Noticed Duvessa
  4944 | D:4      | Noticed Dowan
  4972 | D:4      | Killed Duvessa
  4973 | D:4      | Reached XP level 6. HP: 30/32 MP: 5/11
  4975 | D:4      | Killed Dowan
  5159 | D:4      | Reached skill level 4 in Conjurations
  5336 | D:5      | Entered Level 5 of the Dungeon
  5399 | D:5      | Reached XP level 7. HP: 36/36 MP: 9/13
  5439 | D:5      | Noticed a steam dragon
  5451 | D:5      | Killed a steam dragon
  5619 | D:5      | Noticed Ijyb
  5621 | D:5      | Killed Ijyb
  5760 | D:5      | Found Wirr's Jewellery Shop.
  5978 | D:5      | Reached skill level 5 in Conjurations
  5986 | D:5      | Identified the +5 scythe of Resourcefulness {drain, +Blink
                  | Str-3 Int+4 Stlth+}
  6162 | D:5      | Reached XP level 8. HP: 41/41 MP: 5/15
  6390 | D:5      | Reached skill level 5 in Spellcasting
  6702 | D:6      | Found a staircase to the Ecumenical Temple.
  6717 | Temple   | Entered the Ecumenical Temple
  7026 | Temple   | Became a worshipper of Vehumet
  7185 | D:6      | Found a shimmering altar of Xom.
  7335 | D:6      | Reached skill level 6 in Conjurations
  7384 | D:6      | Noticed Blork the orc
  7388 | D:6      | Killed Blork the orc
  7667 | D:6      | Noticed Eustachio
  7671 | D:6      | Killed Eustachio
  8061 | D:6      | Reached XP level 9. HP: 45/45 MP: 14/18
  8114 | D:6      | Reached skill level 7 in Conjurations
  8796 | D:7      | Reached * piety under Vehumet
  8796 | D:7      | Offered knowledge of Freeze by Vehumet.
  9461 | D:8      | Found a staircase to the Lair.
  9538 | D:8      | Reached skill level 8 in Conjurations
  9552 | D:8      | Reached skill level 10 in Earth Magic
 10048 | D:9      | Reached XP level 10. HP: 50/50 MP: 17/21
 10210 | D:9      | Noticed Maurice
 10213 | D:9      | Reached skill level 9 in Conjurations
 10401 | D:9      | Noticed a two-headed ogre
 10411 | D:9      | Killed a two-headed ogre
 10521 | D:9      | Reached ** piety under Vehumet
 10523 | D:9      | Offered knowledge of Scorch by Vehumet.
 10626 | D:9      | Noticed Maurice
 10626 | D:9      | Maurice changed into Maurice the river rat
 10627 | D:9      | Killed Maurice the river rat
 10816 | D:9      | Noticed Psyche
 10820 | D:9      | Killed Psyche
 10823 | D:9      | Identified the +9 war axe of the Common Good {vamp, rElec}
 10934 | D:9      | Noticed a deep elf pyromancer
 10938 | D:9      | Killed a deep elf pyromancer
 10939 | D:9      | Reached skill level 10 in Conjurations
 11313 | D:9      | Noticed Amaemon
 11313 | D:9      | Noticed an orange demon
 11320 | D:9      | Killed Amaemon
 11321 | D:9      | Reached XP level 11. HP: 20/54 MP: 5/24
 11565 | D:9      | Noticed a two-headed ogre
 11570 | D:9      | Killed a two-headed ogre
 11725 | D:9      | Upgraded the game from 0.29-a0-553-g81b289dbe5 to
                  | 0.29-a0-555-g3b24f45cc1
 11748 | D:10     | Entered Level 10 of the Dungeon
 11821 | Lair:1   | Entered Level 1 of the Lair of Beasts
 11828 | Lair:1   | Learned a level 5 spell: Irradiate
 11888 | Lair:1   | Reached skill level 1 in Transmutations
 12166 | Lair:1   | Reached skill level 11 in Conjurations
 12559 | Lair:1   | Offered knowledge of Dazzling Flash by Vehumet.
 13300 | Lair:1   | Noticed Maggie
 13308 | Lair:1   | Killed Maggie
 13309 | Lair:1   | Reached skill level 12 in Conjurations
 13671 | D:5      | Bought an amulet of regeneration for 390 gold pieces
 13842 | Lair:2   | Reached XP level 12. HP: 59/59 MP: 13/25
 13935 | Lair:2   | Reached skill level 10 in Spellcasting
 13957 | Lair:2   | Reached *** piety under Vehumet
 14431 | Lair:2   | Found a staircase to the Swamp.
 14502 | Lair:2   | Identified the +11 long sword of the Wizarding King {pain,
                  | Fragile Str+4 Dex+3}
 15038 | Lair:3   | Reached skill level 13 in Conjurations
 15243 | Lair:3   | Offered knowledge of Iskenderun's Mystic Blast by Vehumet.
 15256 | Lair:3   | Learned a level 4 spell: Iskenderun's Mystic Blast
 15334 | Lair:3   | Found a hole to the Spider Nest.
 15743 | Lair:3   | Reached **** piety under Vehumet
 15804 | Lair:3   | Offered knowledge of Iskenderun's Battlesphere by Vehumet.
 15813 | Lair:3   | Reached skill level 14 in Conjurations
 15813 | Lair:3   | Reached skill level 5 in Transmutations
 15939 | Lair:3   | Learned a level 5 spell: Iskenderun's Battlesphere
 16548 | Lair:4   | Reached XP level 13. HP: 63/63 MP: 9/28
 16858 | Lair:4   | Found a runed translucent gate.
 16858 | Lair:4   | Found a runed translucent gate.
 16858 | Lair:4   | Found a runed translucent gate.
 16859 | Lair:4   | Noticed croobank's ghost (journeyman GnDe)
 16860 | Lair:4   | Noticed DocClef's ghost (journeyman GnDe)
 18028 | Lair:5   | Reached skill level 15 in Conjurations
 18311 | Lair:5   | Found a staircase to the Slime Pits.
 18989 | Lair:6   | Entered Level 6 of the Lair of Beasts
 19438 | Lair:6   | Reached ***** piety under Vehumet
 19811 | Lair:6   | Reached skill level 1 in Staves
 19811 | Lair:6   | Reached skill level 1 in Throwing
 20095 | Lair:6   | Offered knowledge of Iron Shot by Vehumet.
 20097 | Lair:6   | Gained mutation: Your large and strong wings let you fly.
                  | [Gargoyle growth]
 20097 | Lair:6   | Reached XP level 14. HP: 68/68 MP: 3/29
 20288 | Lair:5   | Learned a level 6 spell: Iron Shot
 20436 | Lair:6   | Reached skill level 16 in Conjurations
 21690 | Lair:6   | Found the ring of the Octopus King
 21713 | Lair:6   | Identified a ring of the Octopus King {rN+ AC+1 EV+1 Str+1
                  | Int+1 Dex+1}
 21828 | Lair:6   | Learned a level 5 spell: Borgnjor's Vile Clutch
 21831 | Lair:6   | Learned a level 2 spell: Blink
 22338 | D:10     | Noticed Urug
 22342 | D:10     | Killed Urug
 22709 | D:10     | Noticed Josephine
 22860 | D:10     | Killed Josephine
 23499 | D:10     | Identified the +0 robe "Pazia" {rElec Str+7 Slay-5
                  | Archmagi}
 23820 | D:10     | Reached skill level 17 in Conjurations
 24900 | D:11     | Found a staircase to the Orcish Mines.
 25617 | Orc:1    | Entered Level 1 of the Orcish Mines
 25623 | Orc:1    | Reached skill level 15 in Earth Magic
 25679 | Orc:1    | Noticed Fannar
 25687 | Orc:1    | Killed Fannar
 26408 | Orc:2    | Entered Level 2 of the Orcish Mines
 26461 | Orc:2    | Reached XP level 15. HP: 72/72 MP: 31/31
 26803 | Orc:2    | Found a staircase to the Elven Halls.
 27038 | Orc:2    | Offered knowledge of Fulminant Prism by Vehumet.
 27044 | Orc:2    | Learned a level 4 spell: Fulminant Prism
 27467 | Orc:2    | Found Ytytagu's Jewellery Shop.
 27467 | Orc:2    | Found Molyinem's Assorted Antiques.
 27469 | Orc:2    | Found Rymnaerch's Antique Weapon Shop.
 27469 | Orc:2    | Found Fymioz's Weapon Shoppe.
 27475 | Orc:2    | Bought a scroll of teleportation for 96 gold pieces
 27480 | Orc:2    | Bought the amulet "Ryocw" {Reflect rElec rPois SH+5} for
                  | 578 gold pieces
 28109 | D:12     | Noticed Gastronok
 28125 | D:12     | Killed Gastronok
 29245 | D:13     | Noticed Kirke
 29249 | D:13     | Killed Kirke
 29250 | D:13     | Reached skill level 18 in Conjurations
 29453 | D:13     | Noticed Snorg
 29458 | D:13     | Learned a level 3 spell: Swiftness
 29463 | D:13     | Killed Snorg
 29755 | D:13     | Noticed Nessos
 29768 | D:13     | Killed Nessos
 30431 | D:13     | Found a gate to the Vaults.
 30830 | Swamp:1  | Entered Level 1 of the Swamp
 30830 | Swamp:1  | Identified Roxanne's Grimoire of the Mountains
 30830 | Swamp:1  | Noticed Roxanne
 31160 | Swamp:1  | Killed from afar by Roxanne

Illustrated notes

Levels and vault maps discovered:
D:1:      dpeg_arrival_tiny_a, layout_loops_corners, minmay_tromino_v4_b
D:2:      kennysheep_big_flooded_room, layout_rooms,
          hellmonk_ecumenical_altar_leap_of_faith, minmay_crystal_room,
          kennysheep_generic_room_9
D:3:      layout_basic, uniq_natasha
D:4:      layout_loops_ring, uniq_duvessa
D:5:      layout_basic, serial_shops, nicolae_inconvenience_store, uniq_ijyb
D:6:      layout_gridville, xom_butterflies, minmay_temple_entry_tees,
          chequers_serial_rivers_room_b, uniq_eustachio, uniq_blork_the_orc
D:7:      layout_basic
D:8:      layout_gridville, lair_entry_dummy
D:9:      layout_irregular_city, uniq_maurice, uniq_amaemon, uniq_psyche
D:10:     nzn_winding_woodlands_stair_cross [nzn_winding_woodlands_5x15_default,
          nzn_winding_woodlands_center_pierced_h,
          nzn_winding_woodlands_5x15_pockets, nzn_winding_woodlands_5x5_cross,
          nzn_winding_woodlands_5x5_perimeter,
          nzn_winding_woodlands_5x15_split_checker,
          nzn_winding_woodlands_center_triple_pond,
          nzn_winding_woodlands_5x15_default], layout_basic, uniq_urug,
          uniq_josephine
D:11:     layout_cave_pools, david_orc_2
D:12:     layout_stronghold, uniq_gastronok
D:13:     layout_layer_cave, lightli_vaults_fourway_checkpoint, uniq_kirke,
          uniq_nessos, uniq_snorg
Temple:   mainiacjoe_temple_circle_huts
Lair:1:   beast_lair_carwin_large_4, layout_gridlike, uniq_maggie
Lair:2:   layout_chaotic_city, skrybe_swamp_entry_bodies, grunt_megastairs_4
Lair:3:   layout_chaotic_city, spider_nest_entry_rubble, serial_bayou_shore_b,
          serial_bayou_shore_a
Lair:4:   layout_gridlike, gammafunk_ghost_cemetery
Lair:5:   layout_concentric_octagons, slime_dummy
Lair:6:   gammafunk_lair_ancient_temple, layout_small_grid,
          serial_bayou_shore_b, grunt_megastairs_1, lemuel_fruit_tree
Swamp:1:  layout_basic_swamp, evilmike_swamp_ruin_house_4, swamp_pool1,
          nicolae_swamp_oklob_treasure_island, uniq_roxanne
Orc:1:    layout_caves, uniq_fannar
Orc:2:    grunt_orc_tribal_feast, layout_diamond_mine, basic_altar

Skill      XL: |  1  2  3  4  5  6  7  8  9 10 11 12 13 14 15 |
---------------+----------------------------------------------+-----
Conjurations   | 1 2 3 4 5 6 8 10 12 14 15 17 18 | 18.7
Earth Magic    | 4 5 6 7 8 10 12 13 15 17 | 17.0
Spellcasting   | 3 4 6 7 9 11 12 13 | 13.3
Transmutations | 3 5 6 |  6.8
Staves         | 2 |  2.4
Throwing       | 2 |  2.1
Dodging        | 2 |  2.6
Stealth        | |  2.1

Action                   |  1- 3 |  4- 6 |  7- 9 | 10-12 | 13-15 || total
-------------------------+-------+-------+-------+-------+-------++-------
Melee: Unarmed           |     5 |       |       |       |       ||     5
       Dagger            |     1 |    43 |       |       |       ||    44
       Scythe            |       |       |    16 |     4 |     9 ||    29
 Cast: Sandblast         |    31 |    49 |    45 |    79 |     8 ||   212
       Stone Arrow       |    15 |    32 |    75 |   193 |   342 ||   657
       Iskenderun's Myst |       |       |       |     9 |   150 ||   159
       Iskenderun's Batt |       |       |       |     5 |    35 ||    40
       Irradiate         |       |       |       |       |     3 ||     3
       Iron Shot         |       |       |       |       |    37 ||    37
       Borgnjor's Vile C |       |       |       |       |    14 ||    14
       Fulminant Prism   |       |       |       |       |    25 ||    25
Evoke: Wand              |       |       |       |     5 |     1 ||     6
  Use: Scroll            |       |     4 |     5 |     1 |    19 ||    29
       Potion            |       |       |       |       |     5 ||     5
Armor: Robe              |     1 |    26 |    20 |       |    43 ||    90
       Steam dragon scal |       |       |    21 |    76 |   103 ||   200
Dodge: Dodged            |     9 |    51 |    29 |    91 |   111 ||   291
Block: Other             |       |       |       |       |    12 ||    12
       Reflection        |       |       |       |       |     6 ||     6

Table legend: (Time is in decaauts)
 A = Elapsed time spent in this place.
 B = Non-inter-level travel time spent in this place.
 C = Inter-level travel time spent in this place.
 D = Time resting spent in this place.
 E = Time spent auto-exploring this place.
 F = Levels seen in this place.
 G = Mean time per level.
                   A        B        C        D        E       F      G
               +--------+--------+--------+--------+--------+-----+--------+
         Total |  31373 |  29892 |   1481 |   5973 |  20685 |  23 | 1364.0 |
       Dungeon |  18406 |  17388 |   1018 |   3487 |  12160 |  13 | 1415.8 |
        Temple |    331 |    301 |     30 |      0 |    276 |   1 |  331.0 |
          Lair |  10500 |  10197 |    303 |   2146 |   7002 |   6 | 1750.0 |
         Swamp |    132 |    132 |      0 |     75 |      0 |   1 |  132.0 |
  Orcish Mines |   2002 |   1874 |    128 |    265 |   1247 |   2 | 1001.0 |
               +--------+--------+--------+--------+--------+-----+--------+

Top non-repeatable levels by time:
  Lair:6: 2574 daAuts
     D:9: 2151 daAuts
    D:10: 2061 daAuts
  Lair:5: 1815 daAuts
  Lair:1: 1812 daAuts
     D:3: 1694 daAuts
  Lair:4: 1599 daAuts
    D:12: 1578 daAuts
     D:1: 1575 daAuts
     D:6: 1549 daAuts
    D:13: 1510 daAuts
     D:5: 1404 daAuts
  Lair:2: 1386 daAuts
  Lair:3: 1311 daAuts
   Orc:2: 1128 daAuts
